 Dungeon Crawl Stone Soup version 0.31-a0-154-g56bf346678 (webtiles) character file.

Game seed: 6676425462409074060

188784 zazu2006 the Tortoise (level 18, -1/216 HPs)
             Began as a Gnoll Wanderer on June 11, 2023.
             Was the Champion of Vehumet.
             Killed by Olgreb's Toxic Radiance
             ... invoked by a naga ritualist
              (3 damage)
             ... on level 4 of the Snake Pit on June 12, 2023.
             The game lasted 02:46:19 (47861 turns).

zazu2006 the Tortoise (Gnoll Wanderer)             Turns: 47861, Time: 02:46:20

Health: -1/216     AC: 22    Str: 16    XL:     18   Next: 55%
Magic:  9/34       EV: 22    Int: 13    God:    Vehumet [******]
Gold:   3511       SH: 14    Dex: 16    Spells: 22/42 levels left

rFire   + . .        B - +6 demon trident (freeze)
rCold   . . .        X - +1 kite shield {rN+}
rNeg    + . .        x - +3 ring mail {rF+}
rPois   .            f - +2 helmet {SInv}
rElec   .            I - +1 cloak {rPois}
rCorr   .            N - +1 pair of gloves {Stlth+}
SInv    +            g - +0 pair of boots
Will    +....        V - amulet of regeneration Stlth
                     j - +5 ring of evasion
HPRegen 1.36/turn    v - ring of flight
MPRegen 0.24/turn

%: no passive effects
@: berserking, lethally poisoned (-1 -> -10), weakened, poison vulnerable,
flying, very quick
A: fangs 1, strong nose, distributed training, strong 1, wild magic 1
a: Renounce Religion


You were on level 4 of the Snake Pit.
You worshipped Vehumet.
Vehumet was exalted by your worship.
You visited 6 branches of the dungeon, and saw 31 of its levels.
You also visited: Ice Cave.

You collected 4088 gold pieces.
You spent 577 gold pieces at shops.

Inventory:

Hand Weapons
 a - a +1 scimitar of flaming
 i - a +6 trident of freezing
 q - a +5 long sword of protection
 w - a +6 spear of venom
 B - a +6 demon trident of freezing (weapon)
 D - a +3 whip of electrocution
 J - a +7 short sword
Missiles
 e - 2 throwing nets
 t - 52 poisoned darts (quivered)
Armour
 f - a +2 helmet of see invisible (worn)
 g - a +0 pair of boots (worn)
 x - a +3 ring mail of fire resistance (worn)
 I - a +1 cloak of poison resistance (worn)
 N - a +1 pair of gloves of stealth (worn)
 T - the +4 tower shield of the Red Skies {rElec}
   (You acquired it in an ice cave)

   rElec:     It insulates you from electricity.
 X - a +1 kite shield of positive energy (worn)
Jewellery
 b - a ring of willpower
 j - a +5 ring of evasion (left hand)
 l - a ring of fire
 p - a ring of resist corrosion
 v - a ring of flight (right hand)
 E - a ring of fire
 K - the ring of Liugg {Fire Fly rPois rN++ Str-3}
   (You found it on level 4 of the Lair of Beasts)

   [ring of fire]

   It enhances your fire magic.
   Str:       It affects your strength (-3).
   rF:        It protects you from fire.
   rC:        It makes you vulnerable to cold.
   rPois:     It protects you from poison.
   rN:        It greatly protects you from negative energy.
   Fly:       It grants you flight.
 U - a ring of ice
 V - an amulet of regeneration (around neck)
 Z - a ring of magical power
Wands
 k - a wand of flame (9)
 F - a wand of iceblast (31)
 Q - a wand of light (3)
 W - a wand of paralysis (8)
Scrolls
 h - 6 scrolls of amnesia
 n - 4 scrolls of noise
 r - 4 scrolls of poison
 y - 4 scrolls of magic mapping
 z - a scroll of silence
 G - 2 scrolls of fog
 H - 4 scrolls of teleportation
 L - a scroll of enchant weapon
 M - 9 scrolls of identify
 P - a scroll of enchant armour
 Y - 3 scrolls of fear
Potions
 c - 6 potions of attraction
 d - 4 potions of haste
 m - a potion of cancellation
 o - 3 potions of resistance
 s - 6 potions of enlightenment
 u - a potion of invisibility
 A - 3 potions of brilliance
 C - 2 potions of mutation
 S - 2 potions of magic


   Skills:
 + Level 13.6 Fighting
 + Level 12.9 Short Blades
 + Level 12.9 Long Blades
 + Level 12.9 Axes
 + Level 12.9 Maces & Flails
 + Level 12.9 Polearms
 + Level 12.9 Staves
 + Level 12.9 Ranged Weapons
 + Level 12.9 Throwing
 + Level 16.2 Armour
 + Level 13.1 Dodging
 + Level 13.5 Stealth
 + Level 12.9 Shields
 + Level 12.9 Unarmed Combat
 + Level 12.9 Spellcasting
 + Level 10.9 Conjurations
 + Level 10.9 Hexes
 + Level 10.9 Summonings
 + Level 10.9 Necromancy
 + Level 10.9 Translocations
 + Level 10.9 Transmutations
 + Level 10.9 Fire Magic
 + Level 10.9 Ice Magic
 + Level 10.9 Air Magic
 + Level 10.9 Earth Magic
 + Level 10.9 Poison Magic
 + Level 14.0 Invocations
 + Level 12.9 Evocations


You had 22 spell levels left.
You knew the following spells:

 Your Spells              Type           Power      Damage    Failure   Level
a - Magic Dart            Conj           100%       1d8       1%          1
b - Dazzling Flash        Conj/Hex       94%        N/A       1%          3
c - Sticky Flame          Conj/Fire      47%        2d6       1%          4
d - Blink                 Tloc           94%        N/A       1%          2
e - Lee's Rapid Deconstr  Erth           23%        3d13*     3%          5
f - Fireball              Conj/Fire      23%        3d11      3%          5

Your spell library contained the following spells:

 Spells                   Type           Power      Damage    Failure   Level
 Ignition                 Fire           23%        3d8       98%         8
 Lehudib's Crystal Spear  Conj/Erth      23%        10d7      98%         8
 Maxwell's Capacitive Co  Air            23%        ∞         98%         8
 Sandblast                Erth           94%        2d19      1%          1
 Slow                     Hex            100%       N/A       1%          1
 Summon Small Mammal      Summ           100%       N/A       1%          1
 Cigotuvi's Dreadful Rot  Necr/Pois/Air  94%        N/A       1%          2
 Lesser Beckoning         Tloc           94%        N/A       1%          2
 Momentum Strike          Conj/Tloc      94%        3d10      1%          2
 Passwall                 Tmut/Erth      39%        N/A       1%          2
 Searing Ray              Conj           94%        2d7       1%          2
 Sublimation of Blood     Necr           47%        N/A       1%          2
 Wereblood                Tmut           47%        N/A       1%          2
 Call Canine Familiar     Summ           47%        N/A       1%          3
 Confusing Touch          Hex            47%        N/A       1%          3
 Hailstorm                Conj/Ice       47%        3d11      1%          3
 Ignite Poison            Fire/Tmut/Pois 47%        N/A       1%          3
 Inner Flame              Hex/Fire       47%        N/A       1%          3
 Summon Guardian Golem    Hex/Summ       47%        N/A       1%          3
 Vampiric Draining        Necr           47%        2d9       1%          3
 Volatile Blastmotes      Fire/Tloc      94%        2d17      1%          3
 Flame Wave               Conj/Fire      47%        2d12      1%          4
 Fulminant Prism          Conj/Hex       23%        3d12      1%          4
 Iskenderun's Mystic Bla  Conj/Tloc      47%        2d10      1%          4
 Freezing Cloud           Conj/Ice/Air   23%        6-21      3%          5
 Irradiate                Conj/Tmut      23%        3d19      3%          5
 Anguish                  Hex/Necr       23%        N/A       4%          4
 Cause Fear               Hex            23%        N/A       4%          4
 Ice Form                 Ice/Tmut       47%        N/A       4%          4
 Petrify                  Tmut/Erth      47%        N/A       4%          4
 Agony                    Necr           47%        N/A       12%         5
 Blade Hands              Tmut           23%        N/A       12%         5
 Borgnjor's Vile Clutch   Necr/Erth      23%        N/A       12%         5
 Silence                  Hex/Air        23%        N/A       12%         5
 Summon Forest            Summ/Tloc      23%        N/A       12%         5
 Eringya's Noxious Bog    Tmut/Pois      23%        N/A       14%         6
 Simulacrum               Ice/Necr       23%        N/A       47%         6
 Statue Form              Tmut/Erth      31%        N/A       47%         6
 Dragon Form              Tmut           23%        N/A       95%         7
 Enfeeble                 Hex            23%        N/A       95%         7
 Summon Hydra             Summ           23%        N/A       95%         7
 Chain Lightning          Conj/Air       23%        3d31      100%        9
 Fire Storm               Conj/Fire      23%        8d6       100%        9
 Polar Vortex             Ice            23%        N/A       100%        9
 Shatter                  Erth           23%        3d20*     100%        9


Dungeon Overview and Level Annotations

Branches:
Dungeon (15/15)            Temple (1/1) D:4            Lair (5/5) D:10
 Shoals (4/4) Lair:2        Snake (4/4) Lair:2        Slime (0/5) Lair:4
    Orc (2/2) D:9             Elf (0/3) Orc:2        Vaults (0/5) D:14
 Depths (0/4) D:15          IceCv (visited)

Altars:
Ashenzari
Cheibriados
Dithmenos
Elyvilon
Fedhas
Gozag
Hepliaklqana
Kikubaaqudgha
Makhleb
Nemelex Xobeh
Okawaru
Qazlal
Ru
Sif Muna
Trog
Uskayaw
Vehumet
Wu Jian
Xom
Yredelemnul
Zin
The Shining One

Shops:
D:8 *   D:14 :   Orc:2 **![   Snake:1 ?   Snake:2 =

Portals:
Trove: D:14 (give 6 scrolls of fog)

Annotations:
D:12 2 transporters, AwFulAwFulPlayer's ghost, journeyman DsCK
D:15 Nessos
Lair:5 2 runed translucent doors
Shoals:1 2 transporters, exclusion: orange crystal statue
Shoals:4 Ilsuiw
Snake:1 Donald; Vashnia


Innate Abilities, Weirdness & Mutations

You have very sharp teeth.
Your uncanny sense of smell can sniff out nearby items.
Your experience applies equally to all skills.
Your muscles are strong. (Str +4, Int/Dex -1)
Your spells are a little harder to cast, but a little more powerful.


Message History

The black mamba poisons you!
The naga ritualist mumbles some strange prayers to its god.
The naga ritualist begins to radiate toxic energy.
* * * LOW HITPOINT WARNING * * *
You are lethally poisoned!
A red film seems to cover your vision as you go berserk!
You feel yourself moving faster!
You feel mighty!
You feel very sick.
The naga ritualist burns!
* * * LOW HITPOINT WARNING * * *
You are lethally poisoned!
The black mamba burns!
The black mamba closely misses you.
The naga ritualist completely misses you.
You block the naga ritualist's attack.
The black mamba bites you but does no damage.
You impale the black mamba!! You freeze the black mamba.
The black mamba is almost dead.
* * * LOW HITPOINT WARNING * * *
You feel very sick.
The naga ritualist burns!
The naga ritualist stops burning.
* * * LOW HITPOINT WARNING * * *
You are more poisoned.
The black mamba burns!
You kill the black mamba!
Vehumet accepts your kill. The naga ritualist misses you.
The naga ritualist completely misses you.
* * * LOW HITPOINT WARNING * * *
You feel very sick.
You see here a black mamba corpse.
Unknown command.
Okay, then.
Reach: B) +6 demon trident (freeze)
Press: ? - help, Dir - move target, f - naga ritualist
Aim: a naga ritualist, wielding a +0 trident and wearing a +0 robe (moderately wounded, radiating toxic energy, about 26% to evade your +6 demon trident of freezing)
You reach to attack!
You hit the naga ritualist. You freeze the naga ritualist.
The naga ritualist is moderately wounded.
* * * LOW HITPOINT WARNING * * *
You feel very sick.
You die...

#......# #......# ########
#......#
###......#####......######
###........)...........)...#####
....)........).........#.......##
..............).......)#.........
............))..)†)............).
####......######@.....#####......
######## #.)..).# ####...
#N.....# ##.. #..#...# ##).
#......# ####...
#......#####......
#......................
.....#.................. .S..
#................##


You could see a naga ritualist (toxic aura).

Vanquished Creatures
  Nikola (Shoals:1)
  A kraken (Shoals:2)
  Gastronok (D:8)
  Kirke (D:14)
  Roxanne (D:14)
  4 nagarajas (Snake:4)
  A frost giant (Shoals:4)
  Aizul (Snake:4)
  4 merfolk javelineers
  Josephine (Orc:1)
  6 merfolk impalers
  3 salamander tyrants
  2 vault guards (D:14)
  6 hydras
  An ogre mage (D:15)
  4 alligator snapping turtles
  A catoblepas (Lair:1)
  8 centaur warriors
  3 merfolk avatars (Shoals:1)
  13 anacondas
  5 merfolk aquamancers
  13 naga warriors
  6 two-headed ogres
  2 tengu warriors (D:13)
  10 naga sharpshooters
  2 satyrs
  3 orc high priests (Orc:2)
  2 shock serpents (Snake:1)
  5 skysharks
  A fire crab (shapeshifter) (D:13)
  A skeletal warrior (D:15)
  9 sea snakes
  2 salamander mystics (Snake:4)
  A lindwurm (Lair:5)
  A necromancer (D:15)
  3 naga ritualists
  6 orc knights
  9 mana vipers
  14 harpies
  18 fauns
  17 salamanders
  5 cyclopes
  13 ugly things
  5 orc sorcerers (Orc:2)
  19 manticores
  6 guardian serpents
  32 black mambas
  A frost giant skeleton (D:15)
  7 water nymphs
  3 ice statues
  5 elephants (Lair:3)
  8 merfolk sirens
  A molten gargoyle (Lair:5)
  A guardian serpent (shapeshifter) (D:13)
  13 naga magi
  2 unseen horrors (D:12)
  3 gargoyles
  14 cane toads
  Maggie (D:10)
  The ghost of TrollFarmer the Ducker, a novice DjFE (D:3)
  3 kobold demonologists
  A freezing wraith (IceCv)
  A tengu conjurer (D:13)
  9 komodo dragons
  2 efreet
  A guardian mummy (D:15)
  4 trolls
  3 polar bears
  7 wind drakes
  13 blink frogs
  30 merfolk
  9 snapping turtles
  4 dream sheep
  A dire elephant simulacrum (IceCv)
  2 vampires
  A shadow (D:10)
  A wyvern (shapeshifter) (D:13)
  32 yaks
  A spriggan (Lair:3)
  9 wraiths
  7 wyverns
  18 water elementals
  5 basilisks
  2 hogs (D:14)
  7 humans (D:14)
  4 steam dragons
  A death yak simulacrum (IceCv)
  5 wargs
  2 vampire mosquitoes (D:15)
  2 acid dragons
  44 nagas
  8 water moccasins
  3 hell hounds (Lair:5)
  A glowing shapeshifter skeleton (D:15)
  A sky beast (D:7)
  5 black bears
  4 ice beasts
  23 orc warriors
  12 ogres
  22 centaurs
  26 wolves
  8 kobold brigands
  14 bullfrogs
  7 scorpions
  4 gnoll sergeants
  4 killer bees (D:7)
  A howler monkey (D:6)
  2 electric eels
  8 lava snakes
  5 jellies
  3 hounds
  17 orc priests
  2 iguanas (D:7)
  A sleepcap (D:5)
  19 orc wizards
  A wolf simulacrum (IceCv)
  Robin (D:3)
  A gnoll (D:9)
  8 adders
  A shadow imp (D:7)
  13 white imps
  An ufetubus (D:7)
  2 worms
  A dart slug (D:1)
  54 orcs
  3 ball pythons
  7 bats
  5 endoplasms
  A giant cockroach (D:1)
  22 goblins
  8 hobgoblins
  3 quokkas
  A frilled lizard (D:3)
  25 kobolds
  6 rats
  A tentacle (Shoals:2)
929 creatures vanquished.

Vanquished Creatures (others)
  A skyshark (Shoals:1)
  A black mamba (Snake:1)
  8 humans (D:14)
  A water elemental (Shoals:1)
  A centaur (D:14)
  An orc (Orc:2)
  14 tentacles (Shoals:2)
27 creatures vanquished.

Grand Total: 956 creatures vanquished

Notes
Turn   | Place    | Note
-------+----------+-------------------------------------------
     0 | D:1      | Reached skill level 10 in Armour
     0 | D:1      | zazu2006 the Gnoll Wanderer began the quest for the Orb.
     0 | D:1      | zazu2006 set off with the following items: a +0 dagger, a
                  | potion of lignification, a potion of attraction, a potion
                  | of haste, a +0 chain mail.
     0 | D:1      | Reached XP level 1. HP: 20/20 MP: 1/1
   165 | D:1      | Reached XP level 2. HP: 25/26 MP: 2/2
   507 | D:1      | Reached XP level 3. HP: 31/31 MP: 3/3
   692 | D:2      | Found a faded altar of an unknown god.
   706 | D:2      | Reached skill level 1 in Invocations
   840 | D:2      | Reached skill level 1 in Short Blades
   840 | D:2      | Reached skill level 1 in Long Blades
   840 | D:2      | Reached skill level 1 in Axes
   840 | D:2      | Reached skill level 1 in Maces & Flails
   840 | D:2      | Reached skill level 1 in Polearms
   840 | D:2      | Reached skill level 1 in Staves
   840 | D:2      | Reached skill level 1 in Ranged Weapons
   840 | D:2      | Reached skill level 1 in Throwing
   840 | D:2      | Reached skill level 1 in Shields
   840 | D:2      | Reached skill level 1 in Unarmed Combat
   840 | D:2      | Reached skill level 1 in Spellcasting
   840 | D:2      | Reached skill level 1 in Evocations
   988 | D:2      | Reached XP level 4. HP: 18/38 MP: 5/5
  1506 | D:3      | Noticed Robin
  1564 | D:3      | Killed Robin
  1565 | D:3      | Reached skill level 1 in Conjurations
  1565 | D:3      | Reached skill level 1 in Hexes
  1565 | D:3      | Reached skill level 1 in Summonings
  1565 | D:3      | Reached skill level 1 in Necromancy
  1565 | D:3      | Reached skill level 1 in Translocations
  1565 | D:3      | Reached skill level 1 in Transmutations
  1565 | D:3      | Reached skill level 1 in Fire Magic
  1565 | D:3      | Reached skill level 1 in Ice Magic
  1565 | D:3      | Reached skill level 1 in Air Magic
  1565 | D:3      | Reached skill level 1 in Earth Magic
  1565 | D:3      | Reached skill level 1 in Poison Magic
  1666 | D:3      | Found a runed translucent gate.
  1668 | D:3      | Noticed TrollFarmer's ghost (novice DjFE)
  1839 | D:3      | Found a runed translucent gate.
  1840 | D:3      | Found a runed translucent gate.
  2380 | D:3      | Identified the +1 leather armour "Murghu" {rC+ Str+2}
  2513 | D:4      | Found a transporter.
  2527 | D:4      | Noticed an ogre
  2555 | D:4      | Reached XP level 5. HP: 41/43 MP: 7/7
  2572 | D:4      | Killed an ogre
  2717 | D:4      | Found a basalt altar of Yredelemnul.
  2721 | D:4      | Found a burning altar of Makhleb.
  2819 | D:4      | Reached skill level 5 in Fighting
  2819 | D:4      | Reached XP level 6. HP: 51/51 MP: 7/9
  2992 | D:4      | Found a staircase to the Ecumenical Temple.
  3005 | Temple   | Entered the Ecumenical Temple
  3154 | Temple   | Became a worshipper of Vehumet
  3368 | D:4      | Found a transporter.
  3757 | D:4      | Noticed an ice beast
  3761 | D:4      | Noticed an ice beast
  3761 | D:4      | Noticed an ice beast
  3854 | D:5      | Entered Level 5 of the Dungeon
  3857 | D:5      | Found an ornate altar of the Wu Jian Council.
  3860 | D:5      | Found a blossoming altar of Fedhas.
  3860 | D:5      | Found an ancient bone altar of Kikubaaqudgha.
  4031 | D:5      | Reached XP level 7. HP: 48/56 MP: 10/10
  4958 | D:6      | Reached skill level 5 in Stealth
  5548 | D:6      | Reached XP level 8. HP: 20/63 MP: 12/12
  7078 | D:6      | Reached skill level 11 in Armour
  7480 | D:7      | Learned a level 1 spell: Magic Dart
  7533 | D:7      | Reached * piety under Vehumet
  7533 | D:7      | Offered knowledge of Freeze by Vehumet.
  8021 | D:7      | Reached XP level 9. HP: 11/56 MP: 13/15
  8361 | D:7      | Reached skill level 5 in Dodging
  8772 | D:8      | Noticed Gastronok
  8785 | D:8      | Gained mutation: Your muscles are strong. (Str +4, Int/Dex
                  | -1) [potion of mutation]
  8785 | D:8      | Gained mutation: You have hidden genetic defects. [potion
                  | of mutation]
  8785 | D:8      | Gained mutation: You have large cloven feet. [potion of
                  | mutation]
  9143 | D:8      | Found a sacrificial altar of Ru.
  9163 | D:8      | Found Gekhluwk's Demolitions Depot.
  9199 | D:8      | Reached skill level 5 in Invocations
  9569 | D:9      | Gained mutation: You occasionally lose the ability to read
                  | scrolls when taking damage. [hidden defects]
  9892 | D:9      | Found a staircase to the Orcish Mines.
  9892 | D:9      | Noticed a troll
  9908 | D:9      | Reached ** piety under Vehumet
  9908 | D:9      | Offered knowledge of Poisonous Vapours by Vehumet.
  9910 | D:9      | Reached skill level 5 in Short Blades
  9910 | D:9      | Reached skill level 5 in Long Blades
  9910 | D:9      | Reached skill level 5 in Axes
  9910 | D:9      | Reached skill level 5 in Maces & Flails
  9910 | D:9      | Reached skill level 5 in Polearms
  9910 | D:9      | Reached skill level 5 in Staves
  9910 | D:9      | Reached skill level 5 in Ranged Weapons
  9910 | D:9      | Reached skill level 5 in Throwing
  9910 | D:9      | Reached skill level 5 in Shields
  9910 | D:9      | Reached skill level 5 in Unarmed Combat
  9910 | D:9      | Reached skill level 5 in Spellcasting
  9910 | D:9      | Reached skill level 5 in Evocations
  9910 | D:9      | Reached XP level 10. HP: 27/77 MP: 17/17
  9918 | D:10     | Entered Level 10 of the Dungeon
  9935 | D:10     | Gained mutation: Your spells are a little easier to cast,
                  | but a little less powerful. [hidden defects]
  9935 | D:10     | Lost mutation: You have hidden genetic defects. [hidden
                  | defects expressed]
 11535 | D:8      | Offered knowledge of Momentum Strike by Vehumet.
 12003 | D:8      | Reached skill level 12 in Armour
 12011 | D:8      | Reached skill level 5 in Conjurations
 12011 | D:8      | Reached skill level 5 in Hexes
 12011 | D:8      | Reached skill level 5 in Summonings
 12011 | D:8      | Reached skill level 5 in Necromancy
 12011 | D:8      | Reached skill level 5 in Translocations
 12011 | D:8      | Reached skill level 5 in Transmutations
 12011 | D:8      | Reached skill level 5 in Fire Magic
 12011 | D:8      | Reached skill level 5 in Ice Magic
 12011 | D:8      | Reached skill level 5 in Air Magic
 12011 | D:8      | Reached skill level 5 in Earth Magic
 12011 | D:8      | Reached skill level 5 in Poison Magic
 12011 | D:8      | Reached XP level 11. HP: 70/85 MP: 20/20
 12427 | D:8      | Killed Gastronok
 12744 | D:3      | Killed TrollFarmer's ghost
 12744 | D:3      | Reached *** piety under Vehumet
 12995 | Orc:1    | Entered Level 1 of the Orcish Mines
 13159 | Orc:2    | Entered Level 2 of the Orcish Mines
 13261 | Orc:1    | Noticed an orc knight
 13262 | Orc:1    | Offered knowledge of Frozen Ramparts by Vehumet.
 13386 | Orc:1    | Noticed an orc knight
 13405 | Orc:2    | HP: 1/86 [orc knight/+2 great mace (14)]
 13406 | Orc:2    | Killed an orc knight
 13656 | Orc:2    | Lost mutation: Your spells are a little easier to cast, but
                  | a little less powerful. [potion of mutation]
 13656 | Orc:2    | Lost mutation: You occasionally lose the ability to read
                  | scrolls when taking damage. [potion of mutation]
 13656 | Orc:2    | Lost mutation: You have large cloven feet. [potion of
                  | mutation]
 13656 | Orc:2    | Gained mutation: Your spells are a little harder to cast,
                  | but a little more powerful. [potion of mutation]
 13767 | Orc:2    | Found a staircase to the Elven Halls.
 14156 | Orc:1    | HP: 1/86 [orc priest/divine providence (11)]
 14603 | Orc:2    | Noticed an orc sorcerer
 14718 | Orc:2    | Reached **** piety under Vehumet
 14889 | D:10     | Offered knowledge of Arcjolt by Vehumet.
 15123 | D:10     | Noticed a two-headed ogre
 15133 | D:10     | Killed a two-headed ogre
 15136 | D:10     | Got Sif Muna's Gnosis and You
 15141 | D:10     | Learned a level 3 spell: Dazzling Flash
 15240 | D:10     | Noticed Maggie
 15261 | D:10     | Killed Maggie
 15529 | D:10     | Found a staircase to the Lair.
 15710 | D:11     | Noticed a two-headed ogre
 15712 | D:11     | Noticed a centaur warrior
 15739 | D:11     | Killed a centaur warrior
 15740 | D:11     | Reached XP level 12. HP: 70/94 MP: 22/22
 15749 | D:11     | Killed a two-headed ogre
 16787 | D:12     | Found a transporter.
 16788 | D:12     | Noticed an ettin
 16788 | D:12     | Noticed AwFulAwFulPlayer's ghost (journeyman DsCK)
 16825 | D:12     | Found a transporter.
 18060 | Orc:2    | Found Bicen's Assorted Antiques.
 18087 | Orc:2    | Noticed an orc high priest
 18650 | Orc:2    | Killed an orc high priest
 18651 | Orc:2    | Reached skill level 13 in Armour
 18750 | Orc:2    | Noticed an orc high priest
 18753 | Orc:2    | Noticed Josephine
 18801 | Orc:2    | Noticed a sun demon
 18807 | Orc:2    | Killed an orc high priest
 19022 | Orc:2    | Reached XP level 13. HP: 101/101 MP: 25/25
 19379 | Orc:2    | Reached ***** piety under Vehumet
 19542 | Orc:2    | Offered knowledge of Sticky Flame by Vehumet.
 19825 | Orc:1    | Killed Josephine
 20189 | Orc:2    | Found Peaxkes's Distillery.
 20360 | Orc:2    | Found Lenlegut's Armour Shoppe.
 20362 | Orc:2    | Found Zalut's Assorted Antiques.
 20371 | Orc:2    | Bought a scroll of identify for 52 gold pieces
 20385 | Orc:2    | Bought a pair of glowing gloves for 225 gold pieces
 20392 | Orc:2    | Bought a potion of berserk rage for 90 gold pieces
 20955 | Lair:1   | Entered Level 1 of the Lair of Beasts
 21099 | Lair:1   | Identified the +5 shortbow of the Screaming Mosquito
                  | {heavy, Dex+5}
 22108 | Lair:1   | Reached skill level 10 in Fighting
 22357 | Lair:1   | Learned a level 4 spell: Sticky Flame
 22613 | Lair:2   | Found a staircase to the Shoals.
 22700 | Lair:2   | Offered knowledge of Leda's Unmaking by Vehumet.
 22959 | Lair:2   | Found a staircase to the Snake Pit.
 23131 | Lair:2   | Reached skill level 10 in Stealth
 24409 | Lair:3   | Reached skill level 10 in Invocations
 24409 | Lair:3   | Reached XP level 14. HP: 110/110 MP: 27/27
 25286 | Lair:4   | Found a staircase to the Slime Pits.
 25618 | Lair:4   | Identified the ring of Liugg {Fire Fly rPois rN++ Str-3}
 26550 | Lair:5   | Entered Level 5 of the Lair of Beasts
 26570 | Lair:5   | Identified a scroll of acquirement
 26865 | Lair:5   | Reached skill level 10 in Dodging
 26950 | Lair:5   | Offered knowledge of Plasma Beam by Vehumet.
 27511 | Lair:5   | Found a large runed translucent door.
 27511 | Lair:5   | Found a large runed translucent door.
 27589 | Lair:5   | Reached skill level 14 in Armour
 28761 | D:13     | Found a frozen archway.
 28832 | IceCv    | Entered an ice cave
 29081 | IceCv    | Found a transporter.
 29098 | IceCv    | Found a transporter.
 29109 | IceCv    | Acquired the +4 tower shield of the Red Skies {rElec}
 29818 | D:13     | Reached skill level 10 in Short Blades
 29818 | D:13     | Reached skill level 10 in Long Blades
 29818 | D:13     | Reached skill level 10 in Axes
 29818 | D:13     | Reached skill level 10 in Maces & Flails
 29818 | D:13     | Reached skill level 10 in Polearms
 29818 | D:13     | Reached skill level 10 in Staves
 29818 | D:13     | Reached skill level 10 in Ranged Weapons
 29818 | D:13     | Reached skill level 10 in Throwing
 29818 | D:13     | Reached skill level 10 in Shields
 29818 | D:13     | Reached skill level 10 in Unarmed Combat
 29818 | D:13     | Reached skill level 10 in Spellcasting
 29818 | D:13     | Reached skill level 10 in Evocations
 30388 | D:14     | Reached XP level 15. HP: 77/118 MP: 29/29
 30958 | D:14     | Found a portal to a secret trove of treasure.
 31089 | D:14     | Found Pinuor's Vocational Training.
 31196 | D:14     | Noticed Kirke
 31271 | D:14     | Identified Roxanne's Papyrus of the Valley
 31271 | D:14     | Noticed Roxanne
 31295 | D:14     | Noticed a sphinx
 31296 | D:14     | Killed Kirke
 31321 | D:14     | Learned a level 5 spell: Lee's Rapid Deconstruction
 31681 | D:14     | Killed Roxanne
 32080 | D:14     | Found a shadowy altar of Dithmenos.
 32354 | D:14     | Found a gate to the Vaults.
 32403 | D:15     | Entered Level 15 of the Dungeon
 32553 | D:15     | Offered knowledge of Conjure Ball Lightning by Vehumet.
 32558 | D:15     | Noticed Nessos
 32863 | D:15     | Found an iron altar of Okawaru.
 33372 | D:15     | Found a staircase to the Depths.
 33677 | Shoals:1 | Entered Level 1 of the Shoals
 33986 | Shoals:1 | Identified the +1 short sword of Luxury {heavy, rPois
                  | Int+3}
 34180 | Shoals:1 | Found a transporter.
 34323 | Shoals:1 | Found a transporter.
 34373 | Shoals:1 | Noticed Nikola
 34548 | Snake:1  | Entered Level 1 of the Snake Pit
 35066 | Snake:1  | Found Voala's Magic Scroll Boutique.
 35090 | Snake:1  | Bought a scroll of blinking for 150 gold pieces
 35090 | Snake:1  | Bought a scroll of teleportation for 60 gold pieces
 35371 | Snake:1  | Acquired 340 gold pieces
 35410 | Snake:1  | Reached XP level 16. HP: 101/127 MP: 30/30
 35570 | Snake:1  | Found a shimmering blue altar of Sif Muna.
 35901 | Snake:1  | Learned a level 2 spell: Blink
 36295 | Snake:1  | Offered knowledge of Fireball by Vehumet.
 36302 | Snake:1  | Learned a level 5 spell: Fireball
 36404 | Snake:2  | Identified the +5 mace of Disintegration {freeze, rElec}
 36743 | Snake:2  | Noticed Vashnia
 36976 | Snake:1  | Reached skill level 15 in Armour
 37247 | Snake:2  | Noticed Donald
 37891 | Snake:2  | Found Ynodol's Jewellery Shoppe.
 38487 | Shoals:1 | Killed Nikola
 39621 | Shoals:2 | Noticed a kraken
 39754 | Shoals:2 | Killed a kraken
 40151 | Shoals:2 | Reached XP level 17. HP: 129/135 MP: 30/32
 40955 | Shoals:3 | Reached skill level 10 in Conjurations
 40955 | Shoals:3 | Reached skill level 10 in Hexes
 40955 | Shoals:3 | Reached skill level 10 in Summonings
 40955 | Shoals:3 | Reached skill level 10 in Necromancy
 40955 | Shoals:3 | Reached skill level 10 in Translocations
 40955 | Shoals:3 | Reached skill level 10 in Transmutations
 40955 | Shoals:3 | Reached skill level 10 in Fire Magic
 40955 | Shoals:3 | Reached skill level 10 in Ice Magic
 40955 | Shoals:3 | Reached skill level 10 in Air Magic
 40955 | Shoals:3 | Reached skill level 10 in Earth Magic
 40955 | Shoals:3 | Reached skill level 10 in Poison Magic
 41175 | Shoals:3 | Identified the +2 leather armour of Ymem {rPois Regen+
                  | Dex+3}
 41410 | Shoals:3 | Offered knowledge of Starburst by Vehumet.
 42437 | Shoals:4 | Entered Level 4 of the Shoals
 42535 | Shoals:4 | Got the Enchiridion on the Flamy Deep Freeze
 42768 | Shoals:4 | Noticed Ilsuiw
 43695 | Shoals:4 | Offered knowledge of Ignition by Vehumet.
 45292 | Snake:3  | Reached XP level 18. HP: 114/143 MP: 21/34
 45725 | Snake:3  | Reached skill level 16 in Armour
 46480 | Snake:4  | Entered Level 4 of the Snake Pit
 46529 | Snake:4  | Noticed Aizul
 46846 | Snake:4  | Killed Aizul
 46947 | Snake:4  | Reached ****** piety under Vehumet
 47123 | Snake:4  | Offered knowledge of Lehudib's Crystal Spear by Vehumet.
 47123 | Snake:4  | Offered knowledge of Ignition by Vehumet.
 47123 | Snake:4  | Offered knowledge of Maxwell's Capacitive Coupling by
                  | Vehumet.
 47859 | Snake:4  | HP: 8/216 [naga ritualist/Olgreb's Toxic Radiance (3)]
 47861 | Snake:4  | HP: 2/216 [poisoned by a naga ritualist (toxic radiance)]
 47861 | Snake:4  | Killed from afar by a naga ritualist

Illustrated notes

Levels and vault maps discovered:
D:1:      sevenhm_arrival_forest_fort_small_5, layout_basic
D:2:      layout_basic, basic_ecumenical_altar, minmay_goblin_kobold_house
D:3:      layout_loops_ring, biasface_ghost_orc_armoury,
          minmay_misc_feat_rugged, uniq_robin
D:4:      gammafunk_cloud_chamber, layout_loops_ring,
          mainiacjoe_overflow_catwalk_spiral, minmay_temple_entry_glass,
          minmay_misc_feat_encased, roderic_lattice_a, nicolae_the_louvre
D:5:      layout_basic, gammafunk_temple_overflow_forgotten,
          minmay_misc_feat_chi, chequers_serial_rivers_small_a
D:6:      layout_loops_ring
D:7:      layout_basic, grunt_ministairs_1
D:8:      layout_loops_corners, nicolae_ru_awakened_eye, nicolae_blasting_shop,
          minmay_fractal_squares_diagonal_5, uniq_gastronok
D:9:      minmay_inner_zag, layout_loops_cross,
          kennysheep_orc_monster_closet_entryway, kennysheep_pointless_box
D:10:     layout_rooms, david_lair_shrubbed, uniq_maggie
D:11:     layout_loops_ring
D:12:     layout_basic, gammafunk_ghost_arena
D:13:     layout_loops_cross, portal_ice_cave_entry_imps
D:14:     lemuel_ice_statue, layout_basic, ximxim_vaults_locker_room,
          enter_trove_6, nicolae_dithmenos_through_a_glass_darkly,
          nicolae_shop_vocational, uniq_roxanne, uniq_kirke
D:15:     gammafunk_depths_entry_grave, layout_basic, gauntlet_entry_generic,
          okawaru_metal_pillars_1_2, minmay_crystal_water, uniq_nessos
Temple:   eino_temple_scatter_basement
Lair:1:   layout_small_grid, gammafunk_lair_bear_cave, grunt_megastairs_4
Lair:2:   layout_regular_city, elwin_shoals_entry_rocks,
          nicolae_snake_entry_squirm, serial_forest,
          infiniplex_forest_straight_3, infiniplex_forest_clump_diagonal,
          infiniplex_forest_clump_medium, infiniplex_forest_straight_2,
          infiniplex_forest_clump_large, infiniplex_forest_clump_tiny,
          infiniplex_forest_clump_curved, infiniplex_forest_straight_2,
          beast_lair_carwin_8
Lair:3:   layout_hall_layers, forest_entry_grove
Lair:4:   layout_regular_city, slime_entry_1, lemuel_fruit_fields,
          grunt_megastairs_2, infiniplex_staircase_pool_2, lemuel_fruit_tree,
          serial_bayou_shore_a
Lair:5:   cheibrodos_lair_end_hotspot, layout_gridlike, nicolae_lair_lil_pond,
          hibernation_bobbens
Shoals:1: gammafunk_sealed_arena, layout_shoals, uniq_nikola
Shoals:2: layout_shoals, nicolae_shoals_circle_sea_wall
Shoals:3: layout_shoals, nicolae_shoals_elemental_ambush
Shoals:4: shoals_end_grunt_ice, layout_shoals, shoals_ilsuiw_alternative
Snake:1:  layout_gridlike, basic_altar, serial_shops, nicolae_shop_stone
Snake:2:  layout_cave_shapes, minmay_shop_star, uniq_donald, uniq_vashnia
Snake:3:  layout_chambers, hangedman_snake_corridor_split
Snake:4:  minmay_snake_end_coiled, layout_basic, uniq_aizul
Orc:1:    layout_diamond_mine
Orc:2:    st_orc_elflike, layout_caves, uniq_josephine

Skill      XL: |  1  2  3  4  5  6  7  8  9 10 11 12 13 14 15 16 17 18 |
---------------+-------------------------------------------------------+-----
Armour         | 11 12 13 14 15 16 | 16.2
Invocations    | 1 2 3 4 5 6 7 8 10 11 12 13 14 | 14.0
Short Blades   | 1 2 3 4 5 6 7 8 9 10 11 12 | 12.9
Long Blades    | 1 2 3 4 5 6 7 8 9 10 11 12 | 12.9
Axes           | 1 2 3 4 5 6 7 8 9 10 11 12 | 12.9
Maces & Flails | 1 2 3 4 5 6 7 8 9 10 11 12 | 12.9
Polearms       | 1 2 3 4 5 6 7 8 9 10 11 12 | 12.9
Staves         | 1 2 3 4 5 6 7 8 9 10 11 12 | 12.9
Ranged Weapons | 1 2 3 4 5 6 7 8 9 10 11 12 | 12.9
Throwing       | 1 2 3 4 5 6 7 8 9 10 11 12 | 12.9
Shields        | 1 2 3 4 5 6 7 8 9 10 11 12 | 12.9
Unarmed Combat | 1 2 3 4 5 6 7 8 9 10 11 12 | 12.9
Spellcasting   | 1 2 3 4 5 6 7 8 9 10 11 12 | 12.9
Evocations     | 1 2 3 4 5 6 7 8 9 10 11 12 | 12.9
Conjurations   | 1 2 3 4 5 6 7 8 9 10 | 10.9
Hexes          | 1 2 3 4 5 6 7 8 9 10 | 10.9
Summonings     | 1 2 3 4 5 6 7 8 9 10 | 10.9
Necromancy     | 1 2 3 4 5 6 7 8 9 10 | 10.9
Translocations | 1 2 3 4 5 6 7 8 9 10 | 10.9
Transmutations | 1 2 3 4 5 6 7 8 9 10 | 10.9
Fire Magic     | 1 2 3 4 5 6 7 8 9 10 | 10.9
Ice Magic      | 1 2 3 4 5 6 7 8 9 10 | 10.9
Air Magic      | 1 2 3 4 5 6 7 8 9 10 | 10.9
Earth Magic    | 1 2 3 4 5 6 7 8 9 10 | 10.9
Poison Magic   | 1 2 3 4 5 6 7 8 9 10 | 10.9
Dodging        | 3 4 5 6 7 8 9 10 11 12 13 | 13.1
Fighting       | 5 6 7 8 9 10 11 12 13 | 13.6
Stealth        | 5 6 7 8 9 10 11 12 13 | 13.5

Action                     |  1- 3 |  4- 6 |  7- 9 | 10-12 | 13-15 | 16-18 || total
---------------------------+-------+-------+-------+-------+-------+-------++-------
  Melee: Dagger            |   213 |   371 |   613 |       |       |       ||  1197
         Bite              |    27 |    47 |   129 |   158 |   419 |   377 ||  1157
         Punch             |     2 |    10 |    31 |       |       |       ||    43
         Whip              |       |       |   158 |   125 |       |       ||   283
         Spear             |       |       |       |   967 |  2513 |  1376 ||  4856
         Scimitar          |       |       |       |       |   123 |       ||   123
         Demon trident     |       |       |       |       |       |   590 ||   590
         Unarmed           |       |       |       |       |       |    36 ||    36
  Throw: Throwing net      |       |       |     2 |       |       |       ||     2
         Dart              |       |       |       |    16 |     4 |       ||    20
   Cast: Magic Dart        |       |       |       |    10 |    42 |    39 ||    91
         Dazzling Flash    |       |       |       |     1 |    81 |    50 ||   132
         Lee's Rapid Decon |       |       |       |       |    18 |     5 ||    23
         Sticky Flame      |       |       |       |       |     4 |   231 ||   235
         Fireball          |       |       |       |       |       |    40 ||    40
  Evoke: Wand              |       |       |     5 |     4 |    13 |     1 ||    23
    Use: Scroll            |       |     5 |    11 |     8 |    12 |     8 ||    44
         Potion            |       |     2 |     8 |     6 |    10 |     7 ||    33
   Stab: Held in net/web   |       |       |     2 |       |       |       ||     2
         Sleeping          |       |       |     1 |     4 |    26 |    16 ||    47
         Invisible         |       |       |       |     1 |    40 |    20 ||    61
         Petrified         |       |       |       |       |     5 |       ||     5
         Distracted        |       |       |       |       |     5 |     2 ||     7
         Paralysed         |       |       |       |       |     5 |       ||     5
 Armour: Chain mail        |   102 |   171 |   314 |       |       |       ||   587
         Skin              |       |     7 |     9 |       |    14 |       ||    30
         Scale mail        |       |       |    97 |   294 |   349 |       ||   740
         Ring mail         |       |       |       |       |   178 |   412 ||   590
  Dodge: Dodged            |   108 |   236 |   639 |   609 |  1409 |  1214 ||  4215
  Block: Buckler           |       |       |       |   285 |   820 |    52 ||  1157
         Kite shield       |       |       |       |       |       |  1169 ||  1169

Table legend: (Time is in decaauts)
 A = Elapsed time spent in this place.
 B = Non-inter-level travel time spent in this place.
 C = Inter-level travel time spent in this place.
 D = Time resting spent in this place.
 E = Time spent auto-exploring this place.
 F = Levels seen in this place.
 G = Mean time per level.
                   A        B        C        D        E       F      G
               +--------+--------+--------+--------+--------+-----+--------+
         Total |  46100 |  43708 |   2392 |   5072 |  25443 |  32 | 1440.6 |
       Dungeon |  20126 |  18936 |   1190 |   1775 |  11912 |  15 | 1341.7 |
        Temple |    167 |    149 |     18 |      0 |    123 |   1 |  167.0 |
          Lair |   7900 |   7262 |    638 |    489 |   4915 |   5 | 1580.0 |
        Shoals |   6033 |   5781 |    252 |    383 |   3113 |   4 | 1508.2 |
     Snake Pit |   6823 |   6683 |    140 |   1093 |   3366 |   4 | 1705.8 |
  Orcish Mines |   4721 |   4569 |    152 |   1109 |   2014 |   2 | 2360.5 |
      Ice Cave |    326 |    326 |      0 |    222 |      0 |   1 |  326.0 |
               +--------+--------+--------+--------+--------+-----+--------+

Top non-repeatable levels by time:
   Orc:2: 3576 daAuts
 Snake:1: 2530 daAuts
    D:14: 2201 daAuts
     D:6: 2006 daAuts
  Lair:5: 1969 daAuts
  Lair:2: 1905 daAuts
    D:10: 1764 daAuts
  Lair:1: 1715 daAuts
Shoals:4: 1649 daAuts
Shoals:1: 1641 daAuts
     D:7: 1628 daAuts
     D:8: 1525 daAuts
Shoals:3: 1522 daAuts
 Snake:3: 1495 daAuts
 Snake:2: 1464 daAuts
